 Dungeon Crawl Stone Soup version 0.29.1-12-g30fa7ad0bf (webtiles) character file.

Game seed: 9212353669713180862

21 CerberUrsi the Magician (level 3, -6/27 HPs)
             Began as a Djinni Hedge Wizard on Jan 10, 2023.
             Mangled by an iguana (11 damage)
             ... on level 4 of the Dungeon.
             The game lasted 00:08:19 (1464 turns).

CerberUrsi the Magician (Djinni Hedge Wizard)       Turns: 1464, Time: 00:08:19

Health: -6/27      AC:  2    Str:  9    XL:     3   Next: 2%
Gold:   36         EV: 12    Int: 17    God:
                   SH:  0    Dex: 12

rFire   + + .      SeeInvis .   a - +0 dagger
rCold   x . .      Faith    .   (no shield)
rNeg    . . .      Spirit   .   b - +0 robe
rPois   ∞          Reflect  .   c - +0 hat
rElec   .          Harm     .   (no cloak)
rCorr   .          Rampage  .   (no gloves)
Will    .....                   (boots unavailable)
Stlth   ++........              (no amulet)
HPRegen 0.09/turn               (no ring)
MPRegen 0.00/turn               (no ring)

@: flying
A: sickness immunity, fire resistance 2, cold vulnerability 1, float, innate
caster, HP casting, extra vitality 1
a: no special abilities


You were on level 4 of the Dungeon.
You visited 1 branch of the dungeon, and saw 4 of its levels.

You collected 105 gold pieces.
You spent 69 gold pieces at shops.

Inventory:

Hand Weapons
 a - a +0 dagger (weapon)
Missiles
 j - 7 javelins
 k - a silver javelin
 l - 4 boomerangs
 m - a curare-tipped dart
Armour
 b - a +0 robe (worn)
 c - a +0 hat (worn)
Scrolls
 d - 2 scrolls of enchant weapon {unknown}
 e - a scroll of torment {unknown}
 f - a scroll of fear {unknown}
 g - a scroll of immolation {unknown}
Potions
 h - a potion of brilliance {unknown}
 i - a potion of degeneration {unknown}


   Skills:
 + Level 1.1 Fighting
 - Level 2.1 Dodging
 - Level 1.5 Stealth
 * Level 2.9 Spellcasting


You couldn't memorise any spells.
You knew the following spells:

 Your Spells              Type           Power      Damage    Failure   Level
a - Magic Dart            Conj           48%        1d5       5%          1
b - Blink                 Tloc           24%        N/A       8%          2
c - Call Imp              Summ           12%        N/A       8%          2
d - Slow                  Hex            48%        N/A       5%          1
e - Conjure Flame         Conj/Fire      12%        6-21      16%         3
f - Mephitic Cloud        Conj/Pois/Air  12%        N/A       16%         3
g - Apportation           Tloc           24%        N/A       5%          1
Your spell library was empty.

Dungeon Overview and Level Annotations

Branches:
Dungeon (3/15)

Altars:

Shops:
D:1 (   D:4 (


Innate Abilities, Weirdness & Mutations

You are immune to sickness and miasma.
You are immune to poison.
Your flesh is very heat resistant. (rF++)
You are vulnerable to cold. (rC-)
You float through the air rather than walking.
You learn spells naturally, not from books.
Your magical power is your life essence.
You have superior vitality. (+4 MHP)


Message History

Casting: Call Imp (safe; 8% risk of failure)
Confirm with . or Enter, or press ? or * to list all spells.
A metallic apparition takes form in the air.
Your white imp disappears in a puff of smoke!
Casting: Call Imp (safe; 8% risk of failure)
Confirm with . or Enter, or press ? or * to list all spells.
Okay, then.
The iguana attacks as you move away! The iguana bites you.
Casting: Call Imp (safe; 8% risk of failure)
Confirm with . or Enter, or press ? or * to list all spells.
Aiming: Magic Dart (safe; 5% risk of failure)
Press: ? - help, Shift-Dir - straight line, f/p - iguana
Aim: an iguana (lightly wounded, ally target, 100% to hit)
The magic dart hits the iguana but does no damage.
The iguana is lightly wounded.
The iguana barely misses you.
Casting: Magic Dart (safe; 5% risk of failure)
Confirm with . or Enter, or press ? or * to list all spells.
Aiming: Magic Dart (safe; 5% risk of failure)
Press: ? - help, Shift-Dir - straight line, f/p - iguana
Aim: an iguana (lightly wounded, ally target, 100% to hit)
The magic dart hits the iguana.
The iguana is moderately wounded.
Your iron imp hits the iguana but does no damage.
The iguana bites you!
* * * LOW HITPOINT WARNING * * *
Casting: Magic Dart (safe; 5% risk of failure)
Confirm with . or Enter, or press ? or * to list all spells.
Aiming: Magic Dart (safe; 5% risk of failure)
Press: ? - help, Shift-Dir - straight line, f/p - iguana
Aim: an iguana (moderately wounded, ally target, 100% to hit)
The magic dart hits the iguana.
The iguana is heavily wounded.
* * * LOW HITPOINT WARNING * * *
Your iron imp hits the iguana but does no damage.
The iguana closely misses you.
You barely miss the iguana.
The iguana is heavily wounded.
The iguana bites you!
You die...

# #### .# #..## ##...
#...# ##..... ###.
##...###....... ....
####.....#........ #...#
##.......@l5.......
#...##..########........
........#.....8#........ .
.###....∩.((.(8#........
..####....#.....8#........
.....#....########........
#......##.....# ....###..
####....####### ..... ..
###..#####.


You could see an iguana (ally target) and a friendly iron imp (summoned).

Vanquished Creatures
  A bat (D:1)
  An endoplasm (D:1)
  3 hobgoblins
  A kobold (D:1)
  2 quokkas (D:1)
  3 ball pythons
  2 frilled lizards (D:1)
  4 goblins
  A rat (D:1)
18 creatures vanquished.

Notes
Turn   | Place    | Note
-------+----------+-------------------------------------------
     0 | D:1      | CerberUrsi the Djinni Hedge Wizard began the quest for the
                  | Orb.
     0 | D:1      | CerberUrsi set off with the following spells memorised:
                  | Magic Dart, Blink, Call Imp, Slow, Conjure Flame, Mephitic
                  | Cloud.
     0 | D:1      | Reached XP level 1. HP: 15/15 MP: 0/0
   408 | D:1      | Reached XP level 2. HP: 16/22 MP: 0/0
   498 | D:1      | Found Deoc's Weapon Emporium.
  1036 | D:1      | Reached skill level 1 in Fighting
  1307 | D:2      | Reached XP level 3. HP: 25/27 MP: 0/0
  1307 | D:2      | Learned a level 1 spell: Apportation
  1322 | D:2      | You are sucked into a shaft and drop 2 floors!
  1417 | D:4      | Found Fuum's Firing Range.
  1442 | D:4      | Bought 6 javelins for 57 gold pieces
  1442 | D:4      | Bought 2 boomerangs for 12 gold pieces
  1464 | D:4      | Mangled by an iguana

Illustrated notes

Levels and vault maps discovered:
D:1:      dpeg_arrival_arbitrary_c, layout_basic, serial_shops,
          nicolae_square_shop
D:2:      wad_pebble_path, layout_basic,
          dreamdust_ecumenical_altar_drowned_temple
D:3:      layout_rooms, lemuel_tele_altar, bloody_makhleb, uniq_robin
D:4:      layout_layer_cave, kennysheep_mini_moat, serial_undead,
          serial_undead_c, serial_undead_a, serial_undead_a, serial_undead_e,
          st_stairs_5, dk_noncrumbling_2, nicolae_shop_firing_range

Skill      XL: |  1  2 |
---------------+-------+-----
Fighting       | 1 |  1.1
Dodging        | |  2.1
Stealth        | |  1.5
Spellcasting   | |  2.9

Action                   || total
-------------------------++-------
Melee: Dagger            ||     1
 Cast: Magic Dart        ||    48
       Call Imp          ||     3
       Blink             ||     1
Dodge: Dodged            ||     9
